 Dungeon Crawl Stone Soup version 0.30-a0-528-g8c47a4955b (webtiles) character file.

Game seed: 12804256771405198890

66 mandarbmax the Cutter (level 3, -4/31 HPs)
             Began as an Armataur Gladiator on Dec 24, 2022.
             Slain by Terence
             ... wielding a +0 flail
              (6 damage)
             ... on level 3 of the Dungeon.
             The game lasted 00:02:42 (1897 turns).

mandarbmax the Cutter (Armataur Gladiator)          Turns: 1897, Time: 00:02:43

Health: -4/31      AC:  5    Str: 19    XL:     3   Next: 96%
Magic:  3/3        EV: 10    Int:  8    God:
Gold:   126        SH:  5    Dex: 13    Spells: 2/2 levels left

rFire   . . .      SeeInvis .    m - +2 dagger (venom)
rCold   . . .      Faith    .    (no shield)
rNeg    . . .      Spirit   .    b - +0 leather armour
rPois   .          Reflect  +    c - +0 helmet
rElec   .          Harm     .    (no cloak)
rCorr   .          Roll     +    (no gloves)
Will    .....                    (no barding)
Stlth   +                        q - amulet of reflection
HPRegen 0.25/turn                (no ring)
MPRegen 0.08/turn                (no ring)

@: no status effects
A: large, rugged brown scales 3, deformed body, armoured tail, roll, long
tongue, awkward tongue
a: no special abilities


You were on level 3 of the Dungeon.
You visited 1 branch of the dungeon, and saw 3 of its levels.

You collected 126 gold pieces.

Inventory:

Hand Weapons
 a - a +0 rapier
 m - a +2 dagger of venom (weapon)
Missiles
 d - 3 throwing nets (quivered)
 e - a javelin
 j - 7 poisoned darts
Armour
 b - a +0 leather armour (worn)
 c - a +0 helmet (worn)
Jewellery
 q - an amulet of reflection (around neck)
Wands
 t - a wand of mindburst (13)
Scrolls
 f - 3 scrolls of immolation
 g - 3 scrolls of poison {unknown}
 h - 2 scrolls of identify {unknown}
 i - a scroll of amnesia {unknown}
 n - a scroll of enchant armour {unknown}
 o - a scroll of magic mapping {unknown}
Potions
 k - 2 potions of curing {unknown}
 l - a potion of heal wounds {unknown}
 p - a potion of degeneration {unknown}
 r - a potion of attraction {unknown}
 s - a potion of brilliance {unknown}


   Skills:
 - Level 2.0 Fighting
 + Level 4.2 Short Blades
 - Level 2.0 Throwing
 - Level 2.1 Dodging


You had 2 spell levels left.
You didn't know any spells.
Your spell library was empty.

Dungeon Overview and Level Annotations

Branches:
Dungeon (3/15)

Altars:

Annotations:
D:3 Terence


Innate Abilities, Weirdness & Mutations

You are completely covered in rugged brown scales. (AC +3, +7% HP)
Armour fits poorly on your strangely shaped body.
You have a long armoured tail.
You roll when moving toward enemies. (Rampage)
Your long tongue fully drains potion bottles. (2x potion effects)
Your tongue gives you trouble enunciating. (1.5x scroll delay)


Message History

Terence shouts!
There is an open door here.
You roll towards Terence!
Terence says, "Don't bother to defend, it's senseless."
You roll towards Terence!
You closely miss Terence. Terence closely misses you.
You barely miss Terence. Your punch misses Terence.
Terence hits you with a +0 flail!
You hit Terence but do no damage.
Terence is poisoned.
Terence screams, "I'm going to kill you!"
Terence completely misses you.
You hit Terence but do no damage. You hit Terence but do no damage.
Terence looks as sick as possible!
You tail-slap Terence.
Terence is lightly wounded.
Terence hits you with a +0 flail.
You completely miss Terence.
Terence is lightly wounded.
Terence hits you with a +0 flail.
You are too injured to fight recklessly!
You are too injured to fight recklessly!
You are too injured to fight recklessly!
You are too injured to fight recklessly!
You are too injured to fight recklessly!
You are too injured to fight recklessly!
You are too injured to fight recklessly!
You are too injured to fight recklessly!
Terence is nearby!
You hit Terence.
Terence looks as sick as possible!
Your tail-slap misses Terence.
Terence is severely wounded.
Terence barely misses you.
You hit Terence but do no damage.
Terence looks as sick as possible!
Terence is severely wounded.
Terence hits you with a +0 flail!
* * * LOW HITPOINT WARNING * * *
Okay, then.
There is an open door here.
Terence attacks as you move away! Terence hits you but does no damage.
Terence attacks as you move away! Terence hits you with a +0 flail.
You die...

#...........##...###
#...........##...# #
#...........####.# #
#...).......# #.# #
#...........# #.# #
#..†.......#####.###
#....<..............
#......#.#######.###
#..@.....<...# #.#
##@###.###...###.#
#.#.............#
#.#######.#######
#.# #.# #.# #.# #.#
#.# #.# #.# #.# #.#


You could see Terence (extremely poisoned).

Vanquished Creatures
  A worm (D:2)
  2 dart slugs
  An orc (D:3)
  5 ball pythons
  7 bats
  6 endoplasms
  3 giant cockroaches
  8 hobgoblins
  5 quokkas
  5 frilled lizards
  4 goblins
  3 kobolds
  3 rats
53 creatures vanquished.

Notes
Turn   | Place    | Note
-------+----------+-------------------------------------------
     0 | D:1      | mandarbmax the Armataur Gladiator began the quest for the
                  | Orb.
     0 | D:1      | Reached XP level 1. HP: 18/18 MP: 1/1
    58 | D:1      | Reached skill level 3 in Short Blades
   131 | D:1      | Reached XP level 2. HP: 24/25 MP: 2/2
   964 | D:2      | Reached XP level 3. HP: 30/31 MP: 3/3
  1401 | D:2      | Found a faded altar of an unknown god.
  1411 | D:2      | Reached skill level 4 in Short Blades
  1882 | D:3      | Noticed Terence
  1897 | D:3      | Slain by Terence

Illustrated notes

Levels and vault maps discovered:
D:1:      psy_arrival_terrarium, layout_loops_ring
D:2:      layout_basic, hellmonk_ecumenical_altar_blasted, chequers_garden,
          lightli_corner_chamber
D:3:      layout_basic, uniq_terence

Skill      XL: |  1  2  3 |
---------------+----------+-----
Fighting       | 2 |  2.0
Throwing       | 2 |  2.0
Short Blades   | 3 4 |  4.2
Dodging        | |  2.1

Action                   || total
-------------------------++-------
Melee: Rapier            ||    74
       Tailslap          ||    15
       Dagger            ||    80
 Stab: Sleeping          ||     1
Armor: Leather armour    ||    41
Dodge: Dodged            ||    83
Block: Other             ||     1

Table legend: (Time is in decaauts)
 A = Elapsed time spent in this place.
 B = Non-inter-level travel time spent in this place.
 C = Inter-level travel time spent in this place.
 D = Time resting spent in this place.
 E = Time spent auto-exploring this place.
 F = Levels seen in this place.
 G = Mean time per level.
                   A        B        C        D        E       F      G
               +--------+--------+--------+--------+--------+-----+--------+
         Total |   1884 |   1788 |     96 |      0 |   1493 |   3 |  628.0 |
       Dungeon |   1884 |   1788 |     96 |      0 |   1493 |   3 |  628.0 |
               +--------+--------+--------+--------+--------+-----+--------+

Top non-repeatable levels by time:
     D:1: 926 daAuts
     D:2: 787 daAuts
     D:3: 170 daAuts
